 Dungeon Crawl Stone Soup version 0.28.0-45-g0d030f2227 (webtiles) character file.

Game seed: 17022740274404929696

20612 mcbry74 the Grappler (level 12, -9/150 HPs)
             Began as a Troll Gladiator on May 25, 2022.
             Was the Champion of Okawaru.
             Mangled by a tyrant leech (21 damage)
             ... on level 3 of the Lair of Beasts.
             The game lasted 00:55:05 (12647 turns).

mcbry74 the Grappler (Troll Gladiator)             Turns: 12647, Time: 00:55:05

Health: -9/150     AC: 26    Str: 29    XL:     12   Next: 46%
Magic:  11/15      EV:  1    Int:  6    God:    Okawaru [******]
Gold:   265        SH:  8    Dex: 11    Spells: 11/11 levels left

rFire   . . .      SeeInvis .     - Unarmed
rCold   . . .      Faith    +   G - +0 kite shield
rNeg    . . .      Spirit   .   (armour currently unavailable)
rPois   +          Reflect  .   (helmet currently unavailable)
rElec   .          Harm     .   (cloak currently unavailable)
rCorr   .          Rampage  .   (gloves unavailable)
Will    .....      NoTele   +   (boots unavailable)
Stlth   +.........              W - amulet of faith
HPRegen 1.15/turn               D - +4 ring of evasion
MPRegen 0.14/turn               F - ring of poison resistance

@: tree-form, finesse-ful
A: stationary, stasis, torment immunity, boosted hp, large, unfitting armour,
(claws 3), regeneration 1, (shaggy fur 1), (tough skin 1), (hooves 1),
(camouflage 1), strong 1
a: Renounce Religion, Heroism, Finesse, Duel


You were on level 3 of the Lair of Beasts.
You worshipped Okawaru.
Okawaru was exalted by your worship.
You were a tree.
You visited 3 branches of the dungeon, and saw 14 of its levels.

You collected 825 gold pieces.
You spent 560 gold pieces at shops.

Inventory:

Hand Weapons
 q - the +8 spear of the Big Bang {spect, rElec rC- Dex+3}
   (You found it on level 4 of the Dungeon)

   When its wielder attacks, the weapon's spirit leaps out and strikes again.
   The spirit shares a part of any damage it takes with its wielder.
   Dex:       It affects your dexterity (+3).
   rC:        It makes you vulnerable to cold.
   rElec:     It insulates you from electricity.
 u - a +2 war axe of holy wrath
 y - a +0 giant spiked club
 Q - the +4 mace of Gozag's Supremacy {freeze, rPois SInv}
   (You found it on level 9 of the Dungeon)

   It freezes those it strikes, dealing additional cold damage.
   It can also slow down cold-blooded creatures.
   rPois:     It protects you from poison.
   SInv:      It lets you see invisible.
Missiles
 c - 4 throwing nets
 d - 472 stones
 n - 11 poisoned darts
 J - 14 javelins (quivered)
 N - 4 large rocks
 P - 11 boomerangs
 U - 2 atropa-tipped darts
Armour
 p - a +2 cloak of willpower (melded)
 G - a +0 kite shield (worn)
 L - +0 acid dragon scales (melded)
 Y - the +4 hat of Okawaru's Respect (melded) {Str+4 Int+2 Dex-5 Stlth+}
   (Okawaru gifted it to you on level 2 of the Lair of Beasts)

   Str:       It affects your strength (+4).
   Int:       It affects your intelligence (+2).
   Dex:       It affects your dexterity (-5).
   Stlth:     It makes you more stealthy.
 Z - a +1 hat of willpower
Magical Staves
 E - a staff of earth
Jewellery
 D - a +4 ring of evasion (left branch)
 F - a ring of poison resistance (right branch)
 T - a ring of magical power
 W - an amulet of faith (around neck)
Wands
 o - a wand of paralysis (3)
 r - a wand of flame (14)
 C - a wand of acid (9)
 M - a wand of iceblast (10)
Scrolls
 e - 2 scrolls of amnesia {unknown}
 h - 3 scrolls of brand weapon {unknown}
 i - 6 scrolls of teleportation
 l - 3 scrolls of enchant weapon {unknown}
 m - 3 scrolls of immolation {unknown}
 s - a scroll of vulnerability {unknown}
 z - 4 scrolls of blinking {unknown}
 A - a scroll of noise {unknown}
 I - a scroll of fog {unknown}
 O - a scroll of fear {unknown}
 S - 4 scrolls of magic mapping {unknown}
 X - a scroll of summoning {unknown}
Potions
 a - a potion of ambrosia {unknown}
 f - 3 potions of mutation
 j - 4 potions of might
 t - 2 potions of flight
 w - 4 potions of attraction
 x - 4 potions of haste
 B - a potion of magic
 H - 3 potions of curing
 K - 2 potions of berserk rage
 V - a potion of resistance


   Skills:
 - Level 1.5 Fighting
 + Level 5.8 Maces & Flails
 + Level 7.9 Throwing
 + Level 4.0 Armour
 + Level 5.8 Dodging
 + Level 4.6 Shields
 * Level 12.1 Unarmed Combat
 + Level 5.6 Invocations
 + Level 5.6 Evocations


You had 11 spell levels left.
You didn't know any spells.
Your spell library contained the following spells:

 Spells                   Type           Power      Damage    Failure   Level
 Shock                    Conj/Air       0%         1d3       75%         1
 Ensorcelled Hibernation  Hex/Ice        0%         N/A       86%         2
 Passwall                 Tmut/Erth      0%         N/A       86%         2
 Portal Projectile        Hex/Tloc       0%         N/A       98%         3
 Swiftness                Air            0%         N/A       98%         3
 Vampiric Draining        Necr           0%         2d6       98%         3
 Airstrike                Air            0%         N/A       100%        4
 Leda's Liquefaction      Hex/Erth       0%         N/A       100%        4
 Alistair's Intoxication  Tmut/Pois      0%         N/A       100%        5
 Borgnjor's Vile Clutch   Necr/Erth      0%         N/A       100%        5
 Eringya's Noxious Bog    Tmut/Pois      0%         N/A       100%        6
 Death's Door             Necr           0%         N/A       100%        9
 Call Canine Familiar     Summ           Unusable   N/A       N/A         3
 Death Channel            Necr           Unusable   N/A       N/A         6

Dungeon Overview and Level Annotations

Branches:
Dungeon (10/15)            Temple (1/1) D:5            Lair (3/6) D:8
  Swamp (0/4) Lair:3          Orc (0/2) D:10
  Snake: Lair:2-4    Spider: Lair:2-4

Altars:
Ashenzari
Cheibriados
Dithmenos
Elyvilon
Fedhas
Gozag
Hepliaklqana
Kikubaaqudgha
Makhleb
Nemelex Xobeh
Okawaru
Qazlal
Ru
Sif Muna
Trog
Uskayaw
Vehumet
Wu Jian
Xom
Yredelemnul
Zin
The Shining One

Shops:
D:7 **

Annotations:
D:4 3 runed translucent doors, JhonaSan2K's ghost, amateur MiFi
Lair:2 2 transporters, EtherCrawl's ghost, journeyman OpFE


Innate Abilities, Weirdness & Mutations

You are a tree.
Your roots penetrate the ground, keeping you stationary.
You cannot be teleported.
You are immune to unholy pain and torment.
Your maximum health is greatly increased.
Your equipment is partially melded.
You are too large for most types of armour.
((You have claws for hands.))
Your natural rate of healing is unusually fast.
((You are covered in fur. (AC +1)))
((You have tough skin. (AC +1)))
((You have large cloven feet.))
((Your skin changes colour to match your surroundings (Stealth+).))
Your muscles are strong. (Str +2)


Message History

The tyrant leech is moderately wounded.
You claw the tyrant leech!
The tyrant leech is heavily wounded.
You barely miss the tyrant leech. You kick the tyrant leech.
The tyrant leech is heavily wounded.
You block the tyrant leech's attack.
You miss the tyrant leech. Your kick misses the tyrant leech.
The tyrant leech is heavily wounded.
You closely miss the tyrant leech.
The tyrant leech is heavily wounded.
You completely miss the tyrant leech. Your kick misses the tyrant leech.
The tyrant leech is heavily wounded.
You block the tyrant leech's attack.
You barely miss the tyrant leech. You kick the tyrant leech.
The tyrant leech is heavily wounded.
You barely miss the tyrant leech. Your kick misses the tyrant leech.
The tyrant leech is heavily wounded.
You claw the tyrant leech!
The tyrant leech is severely wounded.
The tyrant leech bites you!!
* * * LOW HITPOINT WARNING * * *
The tyrant leech draws strength from your injuries!
Okay, then.
Really quaff the potion of lignification?
You turn into a tree.
Your +2 cloak of willpower melds into your body.
The +4 hat of Okawaru's Respect {Str+4 Int+2 Dex-5 Stlth+} melds into your body.
Your +0 acid dragon scales melds into your body.
You feel less strong-willed.
Your roots penetrate the ground.
The tyrant leech bites you!
* * * LOW HITPOINT WARNING * * *
The tyrant leech draws strength from your injuries!
You smack the tyrant leech!
The tyrant leech is severely wounded.
You pummel the tyrant leech!!
The tyrant leech is almost dead.
You closely miss the tyrant leech.
The tyrant leech is almost dead.
The tyrant leech bites you!!
You die...

#.#....##
#....###.............
###.....# #..†.#
#P............ #.....###....#
#............#
##.....##.....#####.##.....###
#.....###......# ###.......#
##....# ##.....# ##......#
#....# #.....### #.......
#....###.....w.# #.......#
#......##...♣♣.♣ #...#####
##.....##....♣♣§♣ ...#
#......##...♣♣ §§ ##.#
#......###^.♣ w≈♣
#.....###P..♣ w§≈ ##....#
#...♣ §§♣♣ #.....# ##..♣♣ ≈≈♣
##....# ##...♣♣♣ #.....#
#P.....#


You could see a tyrant leech.

Vanquished Creatures
  Gastronok (Lair:2)
  A boulder beetle (Lair:1)
  A two-headed ogre (D:9)
  An oklob plant (D:9)
  5 cane toads
  A rime drake (Lair:1)
  7 komodo dragons
  A queen bee (Lair:3)
  5 blink frogs (Lair:1)
  Prince Ribbit (D:5)
  30 yaks
  2 wyverns (D:8)
  2 steam dragons
  Menkaure (D:5)
  14 water moccasins
  3 swamp worms (Lair:3)
  An acid dragon (D:8)
  2 sky beasts
  2 orc warriors (D:10)
  A swamp drake (D:10)
  3 black bears
  5 necrophages
  2 ogres
  5 wolves (Lair:3)
  6 centaurs
  2 phantoms
  5 bullfrogs
  A wyvern zombie (D:5)
  A gnoll sergeant (D:7)
  2 scorpions
  A water moccasin skeleton (D:5)
  11 killer bees
  13 jellies
  15 wights
  6 electric eels
  5 howler monkeys
  4 hounds
  4 orc priests (D:10)
  7 centaur zombies
  A centaur skeleton (D:6)
  2 bullfrog skeletons
  A gnoll shaman (D:6)
  3 iguanas
  A scorpion zombie (D:5)
  Ijyb (D:4)
  4 orc wizards
  2 killer bee zombies
  2 howler monkey zombies
  7 gnolls
  A howler monkey skeleton (D:6)
  11 adders
  A shadow imp (D:8)
  A white imp (D:6)
  An adder skeleton (D:4)
  2 worms (D:2)
  A dart slug (D:1)
  22 orcs
  5 ball pythons
  6 bats
  13 endoplasms
  3 goblins
  6 hobgoblins
  4 jackals (D:1)
  3 kobolds
  6 quokkas
  6 frilled lizards
  4 rats (D:1)
300 creatures vanquished.

Vanquished Creatures (others)
  A gnoll (D:7)
  17 fungi
  21 plants
39 creatures vanquished.

Grand Total: 339 creatures vanquished

Notes
Turn   | Place    | Note
-------+----------+-------------------------------------------
     0 | D:1      | mcbry74 the Troll Gladiator began the quest for the Orb.
     0 | D:1      | Reached XP level 1. HP: 19/19 MP: 0/0
   150 | D:1      | Reached XP level 2. HP: 27/27 MP: 1/1
   451 | D:1      | Reached XP level 3. HP: 31/33 MP: 2/2
   506 | D:1      | Reached skill level 4 in Unarmed Combat
   957 | D:2      | Found a basalt altar of Yredelemnul.
  1029 | D:2      | Found a faded altar of an unknown god.
  1708 | D:3      | Reached XP level 4. HP: 41/41 MP: 3/3
  1947 | D:3      | Noticed a sky beast
  1955 | D:3      | Killed a sky beast
  1956 | D:3      | Reached skill level 5 in Unarmed Combat
  1956 | D:3      | Reached XP level 5. HP: 40/48 MP: 4/4
  2120 | D:3      | Found a shimmering altar of Xom.
  2535 | D:4      | Identified the +8 spear of the Big Bang {spect, rElec rC-
                  | Dex+3}
  2563 | D:4      | Noticed Ijyb
  2581 | D:4      | Killed Ijyb
  2614 | D:4      | Reached XP level 6. HP: 48/55 MP: 5/5
  2626 | D:4      | Reached skill level 6 in Unarmed Combat
  2629 | D:4      | Found a runed translucent gate.
  2630 | D:4      | Found a runed translucent gate.
  2641 | D:4      | Noticed JhonaSan2K's ghost (amateur MiFi)
  2648 | D:4      | Found a runed translucent gate.
  2823 | D:4      | Found a glowing silver altar of Zin.
  2985 | D:5      | Entered Level 5 of the Dungeon
  2995 | D:5      | Reached skill level 1 in Evocations
  3023 | D:5      | Found a staircase to the Ecumenical Temple.
  3033 | Temple   | Entered the Ecumenical Temple
  3221 | Temple   | Became a worshipper of Warmaster Okawaru
  3266 | D:5      | Reached XP level 7. HP: 57/62 MP: 6/6
  3277 | D:5      | Found a bloodstained altar of Trog.
  3277 | D:5      | Found an ancient bone altar of Kikubaaqudgha.
  3277 | D:5      | Found a blossoming altar of Fedhas.
  3315 | D:5      | Reached skill level 7 in Unarmed Combat
  3367 | D:5      | Noticed Prince Ribbit
  3407 | D:5      | HP: 3/62 [Prince Ribbit (14)]
  3409 | D:5      | Killed Prince Ribbit
  3409 | D:5      | Reached * piety under Okawaru
  3695 | D:5      | Found a radiant altar of Vehumet.
  3711 | D:5      | Reached XP level 8. HP: 61/70 MP: 7/7
  4019 | D:5      | Reached skill level 8 in Unarmed Combat
  4042 | D:5      | Noticed Menkaure
  4050 | D:5      | Reached skill level 5 in Throwing
  4051 | D:5      | Killed Menkaure
  4052 | D:5      | Reached skill level 1 in Maces & Flails
  4112 | D:5      | Reached ** piety under Okawaru
  4490 | D:6      | Found a hide-covered altar of Uskayaw.
  4631 | D:6      | Reached skill level 1 in Invocations
  4912 | D:6      | Reached XP level 9. HP: 68/76 MP: 9/9
  5097 | D:6      | Reached skill level 9 in Unarmed Combat
  5350 | D:7      | Reached *** piety under Okawaru
  5739 | D:7      | Found Xifam's Assorted Antiques.
  5852 | D:7      | Found Gueh's Neck Hole.
  6052 | D:7      | Got the Papyrus of Necromancy
  6429 | D:8      | Reached skill level 1 in Shields
  6434 | D:8      | Received a gift from Okawaru
  6511 | D:8      | Found a sacrificial altar of Ru.
  6586 | D:8      | Found a hazy altar of Hepliaklqana.
  6745 | D:8      | Noticed a komodo dragon
  6745 | D:8      | Noticed a komodo dragon
  6767 | D:8      | Killed a komodo dragon
  6767 | D:8      | Reached **** piety under Okawaru
  6768 | D:8      | Reached XP level 10. HP: 60/85 MP: 8/11
  6835 | D:8      | Found a staircase to the Lair.
  6865 | D:8      | Received a gift from Okawaru
  6866 | D:8      | Reached skill level 10 in Unarmed Combat
  7337 | D:9      | Noticed a two-headed ogre
  7350 | D:9      | Killed a two-headed ogre
  7351 | D:9      | Reached skill level 1 in Armour
  7400 | D:9      | Reached ***** piety under Okawaru
  7434 | D:8      | Received a gift from Okawaru
  7737 | D:9      | Received a gift from Okawaru
  7773 | D:9      | Identified the +4 mace of Gozag's Supremacy {freeze, rPois
                  | SInv}
  8092 | D:9      | Noticed an oklob plant
  8198 | D:9      | Killed an oklob plant
  8250 | D:10     | Entered Level 10 of the Dungeon
  8257 | D:10     | Reached XP level 11. HP: 56/90 MP: 13/13
  8853 | D:10     | Found a staircase to the Orcish Mines.
  9371 | D:10     | Found a glowing golden altar of the Shining One.
  9474 | Lair:1   | Entered Level 1 of the Lair of Beasts
  9501 | Lair:1   | Identified the +1 robe of the Gusle {Harm Int-4 Stlth+
                  | Archmagi} (Okawaru gifted it to you on level 1 of the Lair
                  | of Beasts)
  9501 | Lair:1   | Received a gift from Okawaru
  9504 | Lair:1   | Reached skill level 11 in Unarmed Combat
  9540 | Lair:1   | Reached skill level 5 in Dodging
  9706 | Lair:1   | Reached skill level 5 in Evocations
  9767 | Lair:1   | Reached skill level 5 in Maces & Flails
 10119 | Lair:1   | Reached skill level 5 in Invocations
 10315 | Lair:1   | Noticed a boulder beetle
 10336 | Lair:1   | Killed a boulder beetle
 10336 | Lair:1   | Reached ****** piety under Okawaru
 10733 | D:7      | Bought an amulet of faith for 560 gold pieces
 10929 | Lair:2   | Found a transporter.
 11118 | Lair:2   | Reached XP level 12. HP: 96/100 MP: 14/14
 11157 | Lair:2   | Identified the +4 hat of Okawaru's Respect {Str+4 Int+2
                  | Dex-5 Stlth+} (Okawaru gifted it to you on level 2 of the
                  | Lair of Beasts)
 11157 | Lair:2   | Received a gift from Okawaru
 11396 | Lair:2   | Noticed Gastronok
 11422 | Lair:2   | Killed Gastronok
 11654 | Lair:2   | Found a transporter.
 11838 | Lair:2   | Noticed EtherCrawl's ghost (journeyman OpFE)
 12001 | Lair:2   | Reached skill level 12 in Unarmed Combat
 12518 | Lair:3   | Gained mutation: You have large cloven feet. [potion of
                  | mutation]
 12518 | Lair:3   | Gained mutation: Your skin changes colour to match your
                  | surroundings (Stealth+). [potion of mutation]
 12518 | Lair:3   | Gained mutation: Your muscles are strong. (Str +2) [potion
                  | of mutation]
 12600 | Lair:3   | Found a staircase to the Swamp.
 12647 | Lair:3   | Mangled by a tyrant leech

Illustrated notes

Levels and vault maps discovered:
D:1:      amcnicky_arrival_choice, layout_basic, kennysheep_boxes
D:2:      layout_loops_corners, basic_altar,
          shapermc_ecumenical_altar_mp_ritualfount
D:3:      layout_loops_corners, overflow_temple_1_default,
          hangedman_decor_lopped
D:4:      layout_rooms, mainiacjoe_overflow_surrounded_room, serial_glass,
          glass_columns_c, glass_columns_a, gammafunk_ghost_split, uniq_ijyb
D:5:      layout_loops_cross, chequers_temple_overflow_statue_of_worship,
          nicolae_vehumet_radiance, minmay_temple_entry_wispy,
          uniq_prince_ribbit1, uniq_menkaure
D:6:      minmay_razor_zed, layout_loops_ring, nicolae_uskayaw_suspiria,
          patterned_corridor
D:7:      layout_loops_corners, serial_shops, shop,
          nicolae_shop_sticking_my_neck_out
D:8:      layout_loops_ring, mainiacjoe_overflow_catch_the_wave,
          erik_lair_dragon
D:9:      lemuel_slime, layout_cave_pools, serial_undead, serial_undead_c,
          serial_undead_a, serial_undead_d, serial_undead_d
D:10:     lemuel_ice_spiral_2, layout_basic, kennysheep_mini, erik_orc_1
Temple:   minmay_temple_bridge_abc
Lair:1:   layout_hall_layers, columned_hall_lemuel, minmay_stone_trees_medium,
          nzn_sisyphean_effort, serial_bayou_shore_a, grunt_megastairs_1,
          serial_bayou_shore_b
Lair:2:   layout_misc_corridors, gammafunk_ghost_berserking_beasts,
          nicolae_quartered_pool_little, st_stairs_11,
          cheibrodos_lair_reptile_den, infiniplex_staircase_pool,
          lemuel_fruit_tree, uniq_gastronok
Lair:3:   cheibrodos_magma_flow, layout_cellular_growth,
          minmay_swamp_entry_worms, minmay_snake_entry_six_corridors,
          special_room [special_room_bee]

Skill      XL: |  1  2  3  4  5  6  7  8  9 10 11 12 |
---------------+-------------------------------------+-----
Throwing       | 2 3 4 5 6 7 |  7.9
Unarmed Combat | 4 5 6 7 8 9 10 11 12 | 12.1
Evocations     | 1 2 3 4 5 |  5.6
Maces & Flails | 2 3 4 5 |  5.8
Invocations    | 1 3 4 5 |  5.6
Dodging        | 3 4 5 |  5.8
Shields        | 1 3 4 |  4.6
Armour         | 2 3 4 |  4.0
Fighting       | |  1.5

Action                   |  1- 3 |  4- 6 |  7- 9 | 10-12 || total
-------------------------+-------+-------+-------+-------++-------
Melee: Unarmed           |    95 |    90 |   255 |   633 ||  1073
       Punch             |     1 |     6 |    12 |       ||    19
       Kick              |       |       |       |     5 ||     5
Throw: Stone             |    29 |    22 |    84 |    12 ||   147
       Dart              |       |    13 |    21 |    10 ||    44
       Throwing net      |       |     1 |     1 |     1 ||     3
       Boomerang         |       |       |       |    45 ||    45
       Javelin           |       |       |       |    21 ||    21
       Large rock        |       |       |       |     7 ||     7
Invok: Heroism           |       |       |     1 |       ||     1
       Finesse           |       |       |       |     1 ||     1
Evoke: Wand              |       |       |       |     1 ||     1
  Use: Scroll            |       |       |       |     9 ||     9
       Potion            |       |       |       |     2 ||     2
 Stab: Held in net/web   |       |     1 |       |       ||     1
       Sleeping          |       |       |     1 |     1 ||     2
Armor: Robe              |    29 |    22 |    76 |       ||   127
       Acid dragon scale |       |       |       |   154 ||   154
Dodge: Dodged            |    49 |    31 |   122 |   290 ||   492
Block: Kite shield       |       |       |    11 |   207 ||   218
